 Dungeon Crawl Stone Soup version 0.22-a0-305-gd21a89c538 (webtiles) character file.

73 Oravi the Bolt Thrower (level 4, 0/26 HPs)
             Began as a Kobold Hunter on Mar 31, 2018.
             Slain by Terence
             ... wielding a +5 flail of draining
              (3 damage)
             ... on level 2 of the Dungeon.
             The game lasted 00:06:05 (1741 turns).

Oravi the Bolt Thrower (Kobold Hunter)              Turns: 1741, Time: 00:06:06

Health: 0/26       AC:  5    Str: 10    XL:     4   Next: 51%
Magic:  4/4        EV: 14    Int: 12    God:
Gold:   68         SH:  0    Dex: 15    Spells: 3/3 levels left

rFire    . . .     SeeInvis .   a - +1 hand crossbow
rCold    . . .     Gourm    .   (shield restricted)
rNeg     . . .     Faith    .   c - +0 leather armour
rPois    .         Spirit   .   (no helmet)
rElec    .         Reflect  .   (no cloak)
rCorr    .         Harm     .   n - +0 pair of gloves
MR       .....                  h - +0 pair of boots
Stlth    +.........             (no amulet)
HPRegen  0.08/turn              (no ring)
MPRegen  0.09/turn              (no ring)

@: heavily drained
A: small, carnivore
a: no special abilities


You were on level 2 of the Dungeon.
You were completely stuffed.

You visited 1 branch of the dungeon, and saw 2 of its levels.

You collected 68 gold pieces.

Inventory:

Hand Weapons
 a - a +1 hand crossbow (weapon)
 b - a +1 short sword of protection
Missiles
 d - 12 bolts (quivered)
Armour
 c - a +0 leather armour (worn)
 h - a +0 pair of boots (worn)
 n - a +0 pair of gloves (worn)
Scrolls
 g - 2 scrolls of remove curse {unknown}
 k - 2 scrolls of fog {unknown}
 l - a scroll of fear {unknown}
Potions
 e - 2 potions of ambrosia
 i - a potion of invisibility {unknown}
 j - a potion of degeneration {unknown}
 m - a potion of heal wounds {unknown}
Comestibles
 f - 9 rations
 o - a chunk of flesh


   Skills:
 - Level 2.1(0.8) Fighting
 * Level 3.9(2.5) Short Blades
 - Level 5.0(3.6) Crossbows
 + Level 3.4(2.0) Dodging
 - Level 1.3(0.0) Stealth


You had 3 spell levels left.
You didn't know any spells.

Dungeon Overview and Level Annotations

Branches:
Dungeon (2/15)

Altars:
Makhleb

Annotations:
D:2 Terence


Innate Abilities, Weirdness & Mutations

You are small and have problems with some larger weapons.
You are carnivorous and can eat meat at any time.


Message History

Terence hits you with a flail of draining.
You feel drained.
You hit Terence but do no damage.
Terence is severely wounded.
Terence hits you with a flail of draining!
You feel drained.
You are too injured to fight recklessly!
You are too injured to fight recklessly!
Your +1 short sword of protection goes still.
a - a +1 hand crossbow (weapon)
You are too injured to fight recklessly!
You are too injured to fight recklessly!
Firing (i - inventory)
d - 13 bolts (quivered)
Press: ? - help, Shift-Dir - straight line, f/p - Terence
Aim: Terence, wielding a flail of draining and wearing a shiny scale mail (severely wounded)
You shoot a bolt. The bolt barely misses Terence.
Terence hits you with a flail of draining!
* * * LOW HITPOINT WARNING * * *
You feel drained.
You die...

#.# ##.## #....## #.# #.
#.# #.# #.#...# #.# #.
#.# #.# #....## #.# #.
#.# #+# ###.## #.###.
#.# ... #.# #..... #.#
.... #.# #####. ..#
..... ##.## #. ..####
....(.####...##########.
.....+
(....(@@................
..####
....(.####...#########..
..# ..((. #.....# #.#
..# .... #.....# ####.#
..# ... #.....# #.....
..# #+# ##...## #.##.#
### #.# ##.## #.##.#
#####.##### #.# #.##..
#......)..# #.# #.####


You could see Terence.

Vanquished Creatures
  Natasha (D:2)
  An adder (D:2)
  3 dart slugs (D:1)
  A leopard gecko (D:1)
  4 bats
  3 giant cockroaches
  2 goblins (D:2)
  4 hobgoblins
  2 jackals (D:2)
  6 kobolds
  2 frilled lizards
  A rat (D:2)
30 creatures vanquished.

Notes
Turn   | Place    | Note
-------+----------+-------------------------------------------
     0 | D:1      | Oravi the Kobold Hunter began the quest for the Orb.
     0 | D:1      | Reached XP level 1. HP: 12/12 MP: 1/1
    63 | D:1      | Reached skill level 5 in Crossbows
   258 | D:1      | Reached skill level 1 in Short Blades
   258 | D:1      | Reached XP level 2. HP: 16/17 MP: 2/2
   567 | D:1      | Reached XP level 3. HP: 6/21 MP: 3/3
  1638 | D:2      | Noticed Natasha
  1646 | D:2      | Killed Natasha
  1646 | D:2      | Reached XP level 4. HP: 26/26 MP: 4/4
  1647 | D:2      | Found a burning altar of Makhleb.
  1724 | D:2      | Noticed Terence
  1741 | D:2      | Slain by Terence

Vault maps used:
D:1:      lightli_arrival_isolated_outpost
D:2:      bloody_makhleb, uniq_natasha, uniq_terence

Skill      XL: |  1  2  3 |
---------------+----------+-----
Crossbows      | 5 |  5.0
Short Blades   | 1 2 3 |  3.9
Dodging        | 3 |  3.4
Fighting       | |  2.1
Stealth        | |  1.3

Action                   |  1- 3 |  4- 6 || total
-------------------------+-------+-------++-------
Melee: Short sword       |    79 |    10 ||    89
 Fire: Hand crossbow     |    32 |     7 ||    39
  Use: Potion            |     1 |       ||     1
 Stab: Sleeping          |     2 |       ||     2
  Eat: Chunk             |    11 |       ||    11
Armor: Leather armour    |    26 |     1 ||    27
Dodge: Dodged            |    64 |     5 ||    69

Table legend:
 A = Spawn XP
 B = Non-spawn XP
 C = Spawn XP percentage of total XP
 D = Spawn monster count
 E = Non-spawn monster count
 F = Spawn count percentage of total count
 G = Total turns spent on level
                    A         B        C        D         E        F      G
               +---------+---------+-------+---------+---------+-------+---------
         Total |       0 |     105 |   0.0 |       0 |      30 |   0.0 |  1741
               +---------+---------+-------+---------+---------+-------+---------
           D:1 |       0 |      36 |   0.0 |       0 |      16 |   0.0 |   938
           D:2 |       0 |      69 |   0.0 |       0 |      14 |   0.0 |   803
               +---------+---------+-------+---------+---------+-------+---------
